 Dungeon Crawl Stone Soup version 0.14-a0-2759-g5bb4bfe (webtiles) character file.

246308 Neoxx the Severer (level 21, -1/151 HPs)
             Began as a Formicid Hunter on Feb 24, 2014.
             Was the Champion of Cheibriados.
             Slain by a seven-headed hydra (12 damage)
             ... on Level 5 of the Swamp.
             The game lasted 04:00:06 (44374 turns).

Neoxx the Severer (Formicid Hunter)                Turns: 44374, Time: 04:00:07

HP  -1/151       AC 31     Str 34      XL: 21   Next:  5%
MP  31/33        EV  7     Int 25      God: Cheibriados [******]
Gold 2738        SH 35     Dex 31      Spells:  6 memorised,  6 levels left

rFire  + . .     SeeInvis +     a - +4,+6 battleaxe (flame)
rCold  + + +     Clarity  .     B - +6 gold dragon armour
rNeg   + . .     Conserve .     s - +0 shield
rPois  +         rCorr    +     (helmet unavailable)
rElec  .         rRot     .     j - -6 cloak of Thoisodd {rC++ MR+ Dam+5}
SustAb . .       Spirit   .     l - +0 pair of orc gloves
rMut   .         Warding  .     F - +4 pair of boots of the Fisher {Acc+5 Dam+3}
Saprov . . .     Stasis   +     R - amulet of resist corrosion
MR     +++..                    p - ring of poison resistance
                                H - ring of positive energy

@: mildly poisoned, very slow, extremely resistant to hostile enchantments,
extremely unstealthy
A: permanent stasis, dig shafts and tunnels, four strong arms, poison weakness,
antennae 3, clumsy 1, weak 1, exoskeleton 1
a: Dig, Shaft Self, Bend Time, Temporal Distortion, Slouch, Step From Time,
Renounce Religion
}: 2/15 runes: slimy, gossamer


You were on level 5 of the Swamp.
You worshipped Cheibriados.
Cheibriados was exalted by your worship.
You were hungry.

You visited 7 branches of the dungeon, and saw 45 of its levels.
You also visited: Bailey.

You collected 5568 gold pieces.
You spent 2830 gold pieces at shops.

Inventory:

Hand weapons
 a - a +4,+6 battleaxe of flaming (weapon)
 b - a +3,+2 orcish battleaxe of chopping
 c - the +5,+8 hand axe of the Radish {pain, +Fly SInv}
   (You found it on level 4 of the Dungeon)

   In the hands of one skilled in necromantic magic, it inflicts extra damage on
   living creatures.
   It enhances your eyesight.
   It lets you fly.
 d - a +0 blowgun
Missiles
 m - 8 curare-tipped needles
 n - 9 throwing nets
 V - 2 large rocks (quivered)
 W - a javelin
Armour
 j - the -6 cloak of Thoisodd (worn) {rC++ MR+ Dam+5}
   (You found it in a bailey)

   It affects your damage with ranged weapons and melee attacks (+5).
   It greatly protects you from cold.
   It affects your resistance to hostile enchantments.
 l - a +0 pair of orcish gloves (worn)
 s - a +0 shield (worn)
 B - a +6 gold dragon armour (worn)
 F - the +4 pair of boots of the Fisher (worn) {Acc+5 Dam+3}
   (You bought it in a shop on level 4 of the Orcish Mines)

   It affects your accuracy with ranged weapons and melee attacks (+5).
   It affects your damage with ranged weapons and melee attacks (+3).
Magical devices
 z - a wand of polymorph (6)
 D - a wand of disintegration (14)
 K - a wand of heal wounds (4)
 N - a wand of cold (0)
 Q - a wand of draining (3)
 U - a wand of digging (18)
 Z - a wand of confusion (6)
Comestibles
 h - 15 meat rations
 q - 2 bread rations
Scrolls
 o - 7 scrolls of remove curse
 L - a scroll of recharging
 P - 2 scrolls of identify
 S - 2 scrolls of fog
 Y - 7 scrolls of fear
Jewellery
 f - an uncursed ring of fire
 g - the amulet of Shogej {rMut Hunger Dam+6 Stlth++}
   (You found it on level 6 of the Pits of Slime)

   [amulet of resist mutation]

   It affects your damage with ranged weapons and melee attacks (+6).
   It speeds your metabolism.
   It makes you much more stealthy.
 p - a ring of poison resistance (right hand)
 x - an uncursed amulet of clarity
 E - an uncursed amulet of guardian spirit
 G - an uncursed ring of protection from fire
 H - a ring of positive energy (left hand)
 R - an amulet of resist corrosion (around neck)
Potions
 u - a potion of resistance
 v - a potion of lignification
 A - 8 potions of curing
 C - 2 potions of might
 T - a potion of magic
Books
 e - a book of Necromancy

   Spells                             Type                      Level
   Pain                               Necromancy                   1
   Animate Skeleton                   Necromancy                   1
   Lethal Infusion                    Charms/Necromancy            2
   Vampiric Draining                  Necromancy                   3
   *Regeneration                      Charms/Necromancy            3
   Animate Dead                       Necromancy                   4
   Control Undead                     Necromancy                   4
 w - Axabaleo's Guide on the Flying Voyage
   (You found it on level 6 of the Pits of Slime)

   Spells                             Type                      Level
   Repel Missiles                     Charms/Air                   2
   Blink                              Translocation                2
   Portal Projectile                  Translocation                3
   Airstrike                          Air                          4
   Controlled Blink                   Translocation                7
 y - a book of Transfigurations

   Spells                             Type                      Level
   Stoneskin                          Transmutation/Earth          2
   Ice Form                           Ice/Transmutation            4
   Statue Form                        Transmutation/Earth          6
   Dragon Form                        Transmutation                7
 J - a book of Power

   Spells                             Type                      Level
   Fulminant Prism                    Conjuration/Hexes            4
   Iskenderun's Mystic Blast          Conjuration                  4
   Venom Bolt                         Conjuration/Poison           5
   Bolt of Magma                      Conjuration/Fire/Earth       5
   Iron Shot                          Conjuration/Earth            6
   Orb of Destruction                 Conjuration                  7
 X - a book of Cantrips

   Spells                             Type                      Level
   Confusing Touch                    Hexes                        1
   Animate Skeleton                   Necromancy                   1
   Summon Small Mammal                Summoning                    1
   Apportation                        Translocation                1
Miscellaneous
 i - a stone of tremors
 r - a phial of floods
 t - a lantern of shadows
 I - a lamp of fire (inert)


   Skills:
 + Level 15.2 Fighting
   Level 4.0 Short Blades
   Level 3.7 Long Blades
 - Level 20.0 Axes
 - Level 3.2 Throwing
 + Level 17.3 Armour
 - Level 5.0 Dodging
 - Level 1.2 Stealth
 + Level 14.9 Shields
 - Level 11.0 Invocations
 - Level 5.0 Evocations


You had 6 spell levels left.
You knew the following spells:

 Your Spells              Type           Power        Failure   Level  Hunger
a - Summon Butterflies    Summ           #.......     99%         1    ##.....
b - Cure Poison           Pois           #.........   100%        2    ###....
c - Shroud of Golubria    Chrm/Tloc      #.........   100%        2    ###....
d - Regeneration          Chrm/Necr      #.........   100%        3    ####...
e - Spectral Weapon       Hex/Chrm       #.......     100%        3    ####...
f - Flight                Chrm/Air       #.........   100%        3    ####...


Dungeon Overview and Level Annotations

Branches:
Dungeon (16/16) Temple (1/1) D:6 Orc (4/4) D:10 Elf (0/3) Orc:4 Lair (8/8) D:9 Swamp (5/5) Lair:6 Spider (5/5) Lair:4 Slime (6/6) Lair:7 Vaults (0/5) D:14 D:15 Depths (0/6) D:16

Altars:
Ashenzari
Cheibriados
Dithmenos
Elyvilon
Fedhas
Kikubaaqudgha
Makhleb
Nemelex Xobeh
Okawaru
Sif Muna
Trog
Vehumet
Xom
Yredelemnul
Zin
The Shining One
Beogh
Jiyva

Shops:
D:4 [   D:12 *?*/(   D:14 }   Orc:3 }*?(   Orc:4 =(*[

Portals:
Trove: D:14 (give 5 scrolls of blinking)

Annotations:
D:7 exclusion: 3 doors
D:8 exclusions: electric eel and 7 more exclusions
D:9 exclusions: door and 3 more exclusions
D:16 2 exclusions
Lair:6 exclusions: electric eel, sensed monster (detected) and 2 more exclusions
Lair:7 exclusions: electric eel and 10 more exclusions
Swamp:5 3 exclusions


Innate Abilities, Weirdness & Mutations

Your are under a permanent stasis effect.
You can dig through walls and to a lower floor.
Your four strong arms can wield any weapon, most with a shield.
You are susceptible to poison.
You have a pair of large antennae on your head (SInv).
Your body is surrounded by an exoskeleton. (AC +1)
You are clumsy. (Dex -2)
You are weak. (Str -2)


Message History

The flames dance!
The trail of fire hits the spriggan druid.
The spriggan druid is lightly wounded.
The trail of fire hits the water moccasin.
The water moccasin is severely wounded.
A tree reaches out and hits you!
* * * LOW HITPOINT WARNING * * *
The spriggan druid is engulfed in roaring flames.
The water moccasin is engulfed in roaring flames.
You kill the water moccasin!
Cheibriados thoroughly appreciates the change of pace.
You block the seven-headed hydra's attack.
The seven-headed hydra barely misses you.
The seven-headed hydra bites you but does no damage.
The seven-headed hydra bites you.
* * * LOW HITPOINT WARNING * * *
The seven-headed hydra barely misses you.
You block the seven-headed hydra's attack.
The seven-headed hydra bites you!
You die...

♣♣♣♣♣♣ ♣♣♣♣♣♣♣♣♣≈..≈
♣♣≈..≈♣♣♣♣..≈≈.♣♣.≈≈≈≈
♣♣≈≈≈≈≈≈≈♣≈≈≈≈≈≈♣♣.≈≈≈≈
♣.≈≈P≈≈≈.≈♣≈..≈♣♣≈...§. ****
♣≈≈≈≈§≈≈.♣........≈≈.≈♣ ,≈,**
*♣♣♣≈≈≈≈...≈♣♣≈♣≈..≈≈≈≈.≈♣
≈≈≈,****.≈.≈≈≈≈..♣♣≈.≈§♣♣.≈≈≈≈.♣♣
≈≈≈≈,,,≈≈≈≈♣♣≈...♣≈§♣♣♣♣♣.≈≈≈≈≈♣♣
≈≈≈≈≈≈≈≈≈,**♣♣♣%@D♣♣♣ ♣♣..≈....
≈≈≈≈≈≈≈≈*** ♣≈≈§♣ ♣♣♣♣≈≈≈≈
*≈≈≈≈≈≈≈*,** ♣≈≈i♣****** ♣≈≈≈≈
**≈≈≈,**,,,** ♣≈§♣§{,,≈,****♣≈≈≈≈
≈≈,,,**≈≈≈≈,**♣♣♣≈♣♣,≈≈≈≈**..≈≈≈≈
≈≈≈≈,,,≈≈≈≈,≈**≈≈≈≈*≈≈≈≈,,♣.≈.≈≈≈
≈≈≈≈,≈≈≈≈≈*****,≈≈≈*≈≈≈≈≈≈..≈≈≈≈≈
≈≈,≈≈≈≈**** ***♣♣≈,≈**≈≈≈≈≈≈.≈.
,,,,≈≈** *,,***≈≈≈,,,≈.≈


You could see a seven-headed hydra, a thorn lotus and a spriggan druid.

Vanquished Creatures
  the royal jelly (Slime:6)
  Dissolution (Slime:4)
  Norris (D:15)
  13 acid blobs
  A thorn hunter (Swamp:2)
  Rupert (D:15)
  10 azure jellies
  Donald (D:15)
  An orc warlord (Orc:4)
  4 ghost moths (Spider:5)
  6 emperor scorpions
  The ghost of Econoterrorist the Eclecticist, a powerful DECj of Vehumet (Swamp:4)
  A dire elephant (Lair:8)
  A fire dragon (D:16)
  2 great orbs of eyes (Slime:6)
  5 death oozes
  Harold (Lair:7)
  25 hydras
  Erica (Orc:2)
  3 death yaks (Lair:8)
  2 centaur warriors
  4 alligators
  An orc high priest (Orc:4)
  A deep troll shaman (Lair:8)
  A giant orange brain (Slime:6)
  2 unseen horrors
  15 orb spiders
  7 hill giants
  A swamp dragon (Swamp:3)
  Pikel (D:9)
  A harpy (shapeshifter) (D:13)
  9 giant amoebae
  Joseph (D:9)
  36 wolf spiders
  5 orc knights
  2 orc sorcerers (Orc:4)
  7 red wasps
  4 cyclopes
  A griffon (D:16)
  26 spiny frogs
  2 manticores
  5 shining eyes
  7 elephants
  A spriggan druid (Lair:4)
  A queen ant (Spider:5)
  A feature mimic (D:13)
  6 komodo dragons
  10 spriggans
  12 demonic crawlers
  A centaur skeleton (D:15)
  Grinder (D:6)
  A red devil (Orc:4)
  2 queen bees
  11 giant fireflies
  17 jumping spiders
  A wind drake (D:9)
  6 trolls
  2 polar bears
  A two-headed ogre (D:16)
  22 blink frogs
  9 giant leeches
  14 bog bodies
  A hydra skeleton (D:12)
  3 wandering mushrooms
  7 ravens
  2 baby alligators (Swamp:2)
  2 boulder beetles
  2 basilisks
  2 grizzly bears (Lair:4)
  56 slime creatures
  28 tarantellas
  A thorn lotus (Swamp:4)
  7 brown oozes
  A water elemental (D:12)
  5 formicids
  2 wyverns
  2 wraiths
  55 yaks
  13 trapdoor spiders
  13 ugly things
  16 humans (D:15)
  37 redbacks
  2 shadows
  3 sharks
  2 vampires
  Eustachio (D:10)
  Grum (Orc:2)
  4 golden eyes
  20 wolves
  14 vampire mosquitoes
  A steam dragon (D:14)
  A mottled dragon (D:16)
  A hill giant skeleton (D:8)
  3 hungry ghosts (D:9)
  5 soldier ants (Spider:5)
  18 swamp worms
  A necrophage (D:11)
  9 hippogriffs
  A sky beast (D:16)
  12 porcupines
  2 black bears
  9 ice beasts
  2 yellow wasps (D:9)
  8 ogres
  27 orc warriors
  12 swamp drakes
  3 phantoms
  17 centaurs
  5 giant goldfish
  Duvessa (D:8)
  32 giant frogs
  2 boring beetles
  19 crocodiles
  5 wargs
  20 water moccasins
  A yaktaur zombie (D:14)
  5 big kobolds
  An earth elemental (D:13)
  7 giant slugs
  Blork the orc (D:7)
  6 agate snails
  A wyvern skeleton (D:14)
  9 eyes of draining
  4 insubstantial wisps (Swamp:2)
  4 killer bees (D:14)
  5 cyclops skeletons
  16 jellies
  14 wights
  5 electric eels
  A pulsating lump (Slime:4)
  Dowan (D:8)
  7 crimson imps
  13 hounds
  31 spiders
  6 goliath beetles
  10 iguanas
  Crazy Yiuf (D:3)
  A basilisk zombie (D:12)
  22 orc priests
  A centaur zombie (D:5)
  A quasit (D:11)
  A giant frog skeleton (D:11)
  6 big fish
  42 orc wizards
  17 scorpions
  28 worker ants
  9 sheep
  A troll simulacrum (D:9)
  6 orange rats (Lair:6)
  Ijyb (D:2)
  Jessica (D:3)
  A giant frog simulacrum (D:9)
  A big kobold zombie (D:13)
  2 hound zombies
  A hound skeleton (D:8)
  A worker ant zombie (D:9)
  24 adders
  5 gnolls
  28 green rats
  5 giant centipedes
  6 orc zombies
  A giant mite (Lair:3)
  9 worms
  2 white imps
  2 adder skeletons
  An adder zombie (D:9)
  7 giant eyeballs
  7 giant geckos
  7 oozes
  209 orcs
  A ball python (D:4)
  26 bats
  A bat skeleton (D:4)
  A bat zombie (D:7)
  4 giant cockroaches
  13 goblins
  18 hobgoblins
  13 quokkas
  5 giant newts
  2 giant spores
  A goblin zombie (D:5)
  29 jackals
  39 kobolds
  4 orc skeletons
  32 rats
  A rat zombie (D:6)
  7 ballistomycetes
  9 fungi
  5 plants
1674 creatures vanquished.

Vanquished Creatures (collateral kills)
  A fire dragon (D:16)
  A rakshasa (D:16)
  3 orc knights (Bailey)
  An ugly thing (D:15)
  An orc warrior (Bailey)
7 creatures vanquished.

Vanquished Creatures (others)
  A demonic crawler (Spider:3)
  A jumping spider (Spider:2)
  2 fire elementals
  2 shadows (Slime:4)
  A necrophage (D:9)
  3 slaves (D:9)
  A brain worm (D:9)
  An eye of draining (D:9)
  An adder (D:9)
  An orc (D:4)
  2 giant spores (D:9)
  6 fungi
  4 plants
26 creatures vanquished.

Grand Total: 1707 creatures vanquished

Notes
Turn   | Place    | Note
--------------------------------------------------------------
     0 | D:1      | Neoxx, the Formicid Hunter, began the quest for the Orb.
     0 | D:1      | Reached XP level 1. HP: 14/14 MP: 1/1
   147 | D:1      | Reached XP level 2. HP: 14/19 MP: 2/2
   443 | D:1      | Reached XP level 3. HP: 17/24 MP: 3/3
  1129 | D:2      | Noticed Ijyb
  1154 | D:2      | Killed Ijyb
  1154 | D:2      | Reached skill level 1 in Armour
  1154 | D:2      | Reached XP level 4. HP: 21/29 MP: 4/4
  1479 | D:2      | Reached skill level 4 in Short Blades
  1595 | D:3      | Reached XP level 5. HP: 34/34 MP: 5/5
  1669 | D:3      | Noticed Crazy Yiuf
  1673 | D:3      | Killed Crazy Yiuf
  1901 | D:3      | Noticed Jessica
  1906 | D:3      | Killed Jessica
  1927 | D:3      | Reached XP level 6. HP: 39/42 MP: 6/6
  2734 | D:4      | Noticed an ogre
  2736 | D:4      | Killed an ogre
  2736 | D:4      | Reached skill level 5 in Fighting
  2736 | D:4      | Reached XP level 7. HP: 48/50 MP: 7/7
  2874 | D:4      | Got a pitted cutlass
  2875 | D:4      | Identified the +7,+1 cutlass "Kutt" {distort, rF+} (You found it on level 4 of the Dungeon)
  3128 | D:4      | Reached skill level 6 in Fighting
  3159 | D:4      | Reached skill level 1 in Long Blades
  3201 | D:4      | Found Lemuyrov's Antique Armour Shop.
  3217 | D:4      | Bought a pair of boots for 49 gold pieces
  3380 | D:4      | Got a smoking hand axe
  3383 | D:4      | Identified the +5,+8 hand axe of the Radish {pain, +Fly SInv} (You found it on level 4 of the Dungeon)
  3529 | D:4      | Reached XP level 8. HP: 57/57 MP: 8/8
  3793 | D:4      | Found a bloodstained altar of Trog.
  3931 | D:5      | Entered Level 5 of the Dungeon
  3931 | D:5      | Found a glowing golden altar of the Shining One.
  3994 | D:5      | Found a shimmering altar of Xom.
  4060 | D:5      | Found a shimmering altar of Xom.
  4060 | D:5      | Found a shimmering altar of Xom.
  4060 | D:5      | Found a shimmering altar of Xom.
  4077 | D:5      | Reached skill level 5 in Axes
  4081 | D:5      | Found a shimmering altar of Xom.
  4081 | D:5      | Found a shimmering altar of Xom.
  4081 | D:5      | Found a shimmering altar of Xom.
  4137 | D:5      | Reached XP level 9. HP: 28/62 MP: 9/9
  4157 | D:5      | Got a crude dagger
  4158 | D:5      | Identified the +7,+8 dagger of Baustray {stab, rPois} (You took it off a gnoll on level 5 of the Dungeon)
  4492 | D:5      | Reached skill level 7 in Axes
  4715 | D:6      | Reached skill level 8 in Axes
  4867 | D:6      | Reached skill level 9 in Axes
  4901 | D:6      | Found a shattered altar of Ashenzari.
  4949 | D:6      | Found a staircase to the Ecumenical Temple.
  4959 | Temple   | Entered the Ecumenical Temple
  5008 | Temple   | Became a worshipper of Cheibriados the Contemplative
  5074 | D:6      | Reached XP level 10. HP: 47/68 MP: 10/10
  5094 | D:6      | Reached skill level 1 in Shields
  5130 | D:6      | Noticed Grinder
  5148 | D:6      | Killed Grinder
  5629 | D:7      | Noticed Blork the orc
  5635 | D:7      | Killed Blork the orc
  6003 | D:7      | Reached skill level 10 in Axes
  6424 | D:8      | Noticed Duvessa
  6428 | D:8      | Noticed Dowan
  6434 | D:8      | Found a white marble altar of Elyvilon.
  6434 | D:8      | Found a sparkling altar of Nemelex Xobeh.
  6441 | D:8      | Killed Duvessa
  6444 | D:8      | Killed Dowan
  7143 | D:9      | Acquired Cheibriados' first power
  7360 | D:9      | Reached skill level 5 in Invocations
  7360 | D:9      | Reached XP level 11. HP: 72/74 MP: 19/19
  7362 | D:9      | Found a staircase to the Lair.
  7495 | D:9      | Reached skill level 5 in Armour
  7500 | D:9      | Noticed Pikel
  7514 | D:9      | Killed Pikel
  7514 | D:9      | Reached skill level 5 in Shields
  7845 | D:9      | Found a glowing golden altar of the Shining One.
  7925 | D:9      | Noticed a griffon
  7964 | D:9      | Acquired Cheibriados' second power
  8005 | D:9      | Reached skill level 11 in Axes
  8041 | D:9      | Noticed Joseph
  8049 | D:9      | Killed Joseph
  8198 | D:9      | Noticed a lindwurm
  8198 | D:9      | a troll changed into a lindwurm
  8200 | D:9      | a lindwurm changed into a wind drake
  8367 | D:10     | Entered Level 10 of the Dungeon
  8383 | D:10     | Noticed a manticore
  8397 | D:10     | Killed a manticore
  9009 | D:10     | Found a staircase to the Orcish Mines.
  9054 | D:10     | Reached XP level 12. HP: 30/81 MP: 20/23
  9196 | D:10     | Identified the Compendium of Lucky Conjuration (You found it on level 10 of the Dungeon)
  9200 | D:10     | Identified a scroll of acquirement
  9311 | D:10     | Noticed Eustachio
  9324 | D:10     | Killed Eustachio
  9578 | D:10     | Noticed a hill giant
  9582 | D:10     | Killed a hill giant
  9582 | D:10     | Reached skill level 12 in Axes
 10451 | D:11     | Reached skill level 13 in Axes
 10512 | D:11     | Noticed an unseen horror
 10513 | D:11     | Killed an unseen horror
 11248 | Lair:1   | Entered Level 1 of the Lair of Beasts
 11754 | Lair:1   | Reached skill level 14 in Axes
 12070 | Lair:1   | Reached XP level 13. HP: 80/86 MP: 24/24
 12131 | Lair:1   | Acquired Cheibriados' third power
 12512 | Lair:1   | Reached skill level 1 in Evocations
 12830 | Lair:2   | Noticed a four-headed hydra
 12833 | Lair:2   | Killed a four-headed hydra
 12851 | Lair:2   | Reached skill level 5 in Evocations
 15322 | Lair:4   | Found a hole to the Spider Nest.
 15711 | Lair:4   | Reached skill level 15 in Axes
 16782 | Lair:5   | Reached skill level 16 in Axes
 17180 | Lair:5   | Reached XP level 14. HP: 85/94 MP: 25/25
 18074 | Lair:6   | Reached skill level 17 in Axes
 18299 | Lair:6   | Found a staircase to the Swamp.
 18942 | Lair:6   | Reached skill level 18 in Axes
 19472 | Lair:7   | Found a staircase to the Slime Pits.
 19930 | Lair:7   | Noticed Harold
 19954 | Lair:7   | Killed Harold
 20525 | Lair:8   | Entered Level 8 of the Lair of Beasts
 21401 | Lair:8   | Reached XP level 15. HP: 98/100 MP: 27/27
 22387 | Lair:8   | Noticed a dire elephant
 22421 | Lair:8   | Killed a dire elephant
 23243 | Orc:1    | Entered Level 1 of the Orcish Mines
 23448 | Orc:1    | Found a roughly hewn altar of Beogh.
 23607 | Orc:2    | Noticed Grum
 23634 | Orc:2    | Killed Grum
 24110 | Orc:2    | Noticed Erica
 24131 | Orc:2    | Killed Erica
 24256 | Orc:2    | Found a flagged portal.
 24287 | Bailey   | Entered a bailey
 24579 | Bailey   | Got a shimmering cloak
 24583 | Bailey   | Identified the -6 cloak of Thoisodd {rC++ MR+ Dam+5} (You found it in a bailey)
 24668 | Orc:3    | Found a shimmering altar of Xom.
 24693 | Orc:3    | Found Littim's Gadget Boutique.
 24714 | Orc:3    | Found Shretib's General Store.
 24741 | Orc:3    | Bought 2 potions of curing for 52 gold pieces
 24741 | Orc:3    | Bought a scroll of recharging for 71 gold pieces
 24956 | Orc:3    | Found Kab Kle's Magic Scroll Shop.
 24970 | Orc:3    | Bought a scroll of recharging for 55 gold pieces
 24970 | Orc:3    | Bought 2 scrolls of enchant weapon I for 110 gold pieces
 24970 | Orc:3    | Bought 3 scrolls of fear for 105 gold pieces
 24970 | Orc:3    | Bought a scroll of acquirement for 520 gold pieces
 24972 | Orc:3    | Got a faintly humming cloak
 24976 | Orc:3    | Identified the +0 cloak "Ruqien" {SInv} (You acquired it on level 3 of the Orcish Mines)
 24991 | Orc:3    | Found Meahat's Weapon Emporium.
 25124 | Orc:4    | Entered Level 4 of the Orcish Mines
 25160 | Orc:4    | Found a roughly hewn altar of Beogh.
 25298 | Orc:4    | Found a roughly hewn altar of Beogh.
 25574 | Orc:4    | Found a staircase to the Elven Halls.
 26532 | Orc:4    | Noticed an orc warlord
 26564 | Orc:4    | Killed an orc warlord
 26717 | Orc:4    | Reached skill level 10 in Invocations
 26758 | Orc:4    | Found a roughly hewn altar of Beogh.
 26901 | Orc:4    | Found Kucaux's General Store.
 26908 | Orc:4    | Bought a potion of heal wounds for 45 gold pieces
 26908 | Orc:4    | Bought a potion of curing for 30 gold pieces
 26918 | Orc:4    | Found Cicruzufao's Antique Armour Shoppe.
 26928 | Orc:4    | Bought a pair of brightly glowing boots for 195 gold pieces
 26932 | Orc:4    | Identified the +4 pair of boots of the Fisher {Acc+5 Dam+3} (You bought it in a shop on level 4 of the Orcish Mines)
 26942 | Orc:4    | Found Vobbant's Antique Weapon Shoppe.
 26960 | Orc:4    | Found Mnagaug's Jewellery Shoppe.
 26967 | Orc:4    | Bought an uncursed amulet of guardian spirit for 350 gold pieces
 27294 | Orc:3    | Bought a scroll of brand weapon for 200 gold pieces
 27615 | Lair:6   | Reached skill level 5 in Dodging
 27620 | Swamp:1  | Entered Level 1 of the Swamp
 27704 | Swamp:1  | Reached skill level 19 in Axes
 27975 | Swamp:1  | Reached XP level 16. HP: 60/108 MP: 10/29
 28878 | Swamp:2  | Noticed a thorn hunter
 28887 | Swamp:2  | Killed a thorn hunter
 29312 | Swamp:2  | Reached skill level 20 in Axes
 30616 | Swamp:4  | Noticed Econoterrorist's ghost (powerful DECj)
 31169 | D:12     | Found Aqis' Magic Scroll Shop.
 31178 | D:12     | Reached skill level 10 in Armour
 31186 | D:12     | Bought a scroll of identify for 26 gold pieces
 31186 | D:12     | Bought a scroll of identify for 26 gold pieces
 31186 | D:12     | Bought a scroll of fog for 26 gold pieces
 31186 | D:12     | Bought a scroll of enchant weapon II for 71 gold pieces
 31186 | D:12     | Bought a scroll of recharging for 71 gold pieces
 31209 | D:12     | Found Kilewk's Assorted Antiques.
 31224 | D:12     | Bought a scroll labeled UMNUENONUU for 27 gold pieces
 31224 | D:12     | Bought a potion of heal wounds for 81 gold pieces
 31373 | D:12     | Found Kikhlorche's Weapon Boutique.
 31405 | D:12     | Found Shen Tri's Magical Wand Shoppe.
 31415 | D:12     | Bought a wand of heal wounds (6) for 600 gold pieces
 31472 | D:12     | Found Quazamik's General Store.
 31480 | D:12     | Bought 2 potions of curing for 60 gold pieces
 31480 | D:12     | Bought a scroll of identify for 30 gold pieces
 31480 | D:12     | Bought a scroll of fog for 30 gold pieces
 31650 | D:13     | Got a transparent chain mail
 31684 | D:12     | Identified the cursed -6 chain mail "Buxuiguff" {rF+} (You found it on level 13 of the Dungeon)
 31846 | D:13     | the was a mimic.
 32050 | D:13     | Reached skill level 10 in Fighting
 32181 | D:13     | Got a jewelled morningstar
 32182 | D:13     | Identified the +3,+7 morningstar "Ployqugu" {crush, MR++ Dex+3} (You found it on level 13 of the Dungeon)
 32573 | D:14     | Reached XP level 17. HP: 115/115 MP: 31/31
 32790 | D:14     | Reached skill level 10 in Shields
 32846 | D:14     | Found Osibet's Gadget Shop.
 33024 | D:14     | Found a portal to a secret trove of treasure.
 33124 | D:15     | Entered Level 15 of the Dungeon
 33124 | D:15     | Found a gate to the Vaults.
 33124 | D:15     | Noticed Norris
 33124 | D:15     | Noticed Rupert
 33124 | D:15     | Noticed Donald
 33140 | D:15     | Killed Rupert
 33144 | D:15     | Killed Donald
 33145 | D:15     | Killed Norris
 34265 | D:16     | Entered Level 16 of the Dungeon
 34474 | D:16     | Found a staircase to the Depths.
 35124 | Lair:2   | Learned a level 1 spell: Summon Butterflies
 35127 | Lair:2   | Learned a level 2 spell: Cure Poison
 35130 | Lair:2   | Learned a level 2 spell: Shroud of Golubria
 35134 | Lair:2   | Learned a level 3 spell: Regeneration
 35138 | Lair:2   | Learned a level 3 spell: Spectral Weapon
 35142 | Lair:2   | Learned a level 3 spell: Flight
 35287 | Spider:1 | Entered Level 1 of the Spider Nest
 36441 | Spider:2 | Reached XP level 18. HP: 122/124 MP: 31/31
 38349 | Spider:5 | Entered Level 5 of the Spider Nest
 39200 | Spider:5 | Reached XP level 19. HP: 107/133 MP: 26/32
 39739 | Spider:5 | Reached skill level 15 in Armour
 40056 | Spider:5 | Got a gossamer rune of Zot
 40854 | Slime:1  | Entered Level 1 of the Pits of Slime
 41135 | Slime:1  | Gained mutation: You are clumsy. (Dex -2) [a shining eye]
 41555 | Slime:4  | Noticed Dissolution
 41568 | Slime:4  | Killed Dissolution
 41973 | Slime:6  | Entered Level 6 of the Pits of Slime
 41978 | Slime:6  | Reached XP level 20. HP: 135/142 MP: 2/32
 42075 | Slime:6  | Gained mutation: You are weak. (Str -2) [a shining eye]
 42403 | Slime:6  | Noticed the royal jelly
 42414 | Slime:6  | Found a viscous altar of Jiyva.
 42437 | Slime:6  | Killed the royal jelly
 42508 | Slime:6  | Got a flickering ivory amulet
 42520 | Slime:6  | Identified Axabaleo's Guide on the Flying Voyage
 42533 | Slime:6  | Identified the amulet of Shogej {rMut Hunger Dam+6 Stlth++} (You found it on level 6 of the Pits of Slime)
 42984 | Slime:6  | Got a slimy rune of Zot
 42995 | Slime:6  | Got a smoking scale mail
 43020 | Slime:6  | Identified the +2 scale mail of the Sky {Str-4 Int+2} (You found it on level 6 of the Pits of Slime)
 43384 | Swamp:4  | Killed Econoterrorist's ghost
 43772 | Swamp:4  | Reached skill level 15 in Fighting
 44244 | Swamp:4  | Got a heavily runed chain mail
 44274 | Swamp:4  | Identified the +2 chain mail "Tigurch" {Str+2 Int+4} (You found it on level 4 of the Swamp)
 44323 | Swamp:5  | Entered Level 5 of the Swamp
 44364 | Swamp:5  | Reached XP level 21. HP: 119/151 MP: 29/33
 44374 | Swamp:5  | Slain by a seven-headed hydra

Action                   |  1- 3 |  4- 6 |  7- 9 | 10-12 | 13-15 | 16-18 | 19-21 || total
-------------------------+-------+-------+-------+-------+-------+-------+-------++-------
Melee: Short sword       |   149 |    17 |       |       |       |       |       ||   166
       Quarterstaff      |       |    52 |     5 |       |       |       |       ||    57
       Cutlass           |       |       |    32 |       |       |       |       ||    32
       Hand axe          |       |       |   163 |   708 |  1634 |    33 |    24 ||  2562
       Falchion          |       |       |    17 |    31 |       |       |       ||    48
       Dagger            |       |       |       |     7 |       |       |       ||     7
       Battleaxe         |       |       |       |       |    44 |   994 |   489 ||  1527
 Fire: Blowgun           |       |       |       |       |    34 |     1 |       ||    35
Throw: Large rock        |     7 |    19 |    35 |    48 |    39 |    32 |     6 ||   186
       Dart              |    12 |   101 |    22 |       |       |       |       ||   135
       Tomahawk          |     3 |       |       |       |       |       |       ||     3
       Throwing net      |     2 |       |       |     2 |       |     4 |       ||     8
       Javelin           |       |       |    43 |    41 |    46 |    13 |       ||   143
Invok: Bend Time         |       |       |       |    10 |    60 |    21 |    14 ||   105
       Slouch            |       |       |       |     3 |     4 |     5 |       ||    12
       Temporal Distorti |       |       |       |       |     1 |       |     1 ||     2
       Step From Time    |       |       |       |       |       |       |     1 ||     1
 Abil: Dig               |       |     1 |     1 |     8 |    30 |    25 |    13 ||    78
       Evoke Flight      |       |       |       |       |     5 |     2 |     1 ||     8
       Stop Flying       |       |       |       |       |     1 |       |       ||     1
Evoke: Wand              |       |       |     1 |    19 |    16 |    19 |     6 ||    61
       Phial of floods   |       |       |       |       |     1 |     1 |       ||     2
       Lamp of fire      |       |       |       |       |       |     1 |     2 ||     3
       Stone of tremors  |       |       |       |       |       |       |     1 ||     1
  Use: Scroll            |       |     1 |    16 |    13 |    20 |    14 |     9 ||    73
       Potion            |       |       |       |     3 |     8 |     8 |    10 ||    29
 Stab: Sleeping          |     1 |       |       |       |     6 |       |       ||     7
       Paralysed         |       |     1 |       |       |       |       |       ||     1
       Confused          |       |       |     1 |       |       |       |     2 ||     3
       Distracted        |       |       |       |     2 |     4 |       |     1 ||     7
       Held in net/web   |       |       |       |       |       |     1 |       ||     1
